 Dungeon Crawl Stone Soup version 0.22-a0-69-g116c2a8 (webtiles) character file.

57861 KristoblXynda the Carver (level 14, -6/121 HPs)
             Began as a Purple Draconian Gladiator on Jan 11, 2018.
             Was an Initiate of Gozag.
             Mangled by a white ugly thing (32 damage)
             ... on level 15 of the Dungeon.
             The game lasted 00:46:11 (21733 turns).

KristoblXynda the Carver (DrGl)                    Turns: 21733, Time: 00:46:11

Health: -6/121     AC: 13    Str: 23    XL:     14   Next: 47%
Magic:  20/20      EV: 21    Int: 13    God:    Gozag
Gold:   3704       SH: 15    Dex: 20    Spells: 10/13 levels left

rFire    . . .     SeeInvis +   F - +2 scimitar (slice)
rCold    . . .     Gourm    .   t - +2 shield
rNeg     . . .     Faith    .   (armour unavailable)
rPois    .         Spirit   .   N - +3 crown of Dyrovepreva {rElec Int+2 SInv}
rElec    +         Reflect  .   y - +1 cloak
rCorr    +         Harm     .   (no gloves)
MR       +++..     Clarity  +   (no boots)
Stlth    ++++......             (no amulet)
HPRegen  0.30/turn              L - ring of resist corrosion
MPRegen  0.17/turn              E - ring of Enuraoprucs {*Corrode MR+ Str+3 Dex+6 SInv}

@: about to teleport, gold aura, slowed, very slow
A: breathe power, unfitting armour, clarity, electricity resistance, strong 1,
cold-blooded, AC +8
a: Breathe Dispelling Energy, Potion Petition, Call Merchant, Bribe Branch,
Renounce Religion


You were on level 15 of the Dungeon.
You worshipped Gozag.
Gozag was most pleased with you.
You were not hungry.

You visited 2 branches of the dungeon, and saw 16 of its levels.
You also visited: Sewer and Bailey.

You collected 3841 gold pieces.
You paid 137 gold pieces to Gozag.

Inventory:

Hand Weapons
 a - a +1 long sword of protection
 F - a +2 scimitar of slicing (weapon)
 K - a +2 great sword of flaming
Missiles
 c - a throwing net (quivered)
Armour
 t - a +2 shield (worn)
 y - a +1 cloak (worn)
 N - the +3 crown of Dyrovepreva (worn) {rElec Int+2 SInv}
   (You found it on level 13 of the Dungeon)

   It affects your intelligence (+2).
   It insulates you from electricity.
   It lets you see invisible.
Jewellery
 h - a +2 ring of strength
 i - an uncursed ring of protection from fire
 B - an uncursed ring of positive energy
 C - a +5 ring of intelligence
 E - the ring of Enuraoprucs (right hand) {*Corrode MR+ Str+3 Dex+6 SInv}
   (You found it on level 13 of the Dungeon)

   [ring of dexterity]

   It affects your strength (+3).
   It affects your dexterity (+6).
   It affects your resistance to hostile enchantments.
   It lets you see invisible.
   It may corrode you when you take damage.
 L - a ring of resist corrosion (left hand)
Wands
 b - a wand of digging (16)
 k - a wand of paralysis (3)
 G - a wand of iceblast (6)
Scrolls
 f - 5 scrolls of fear
 j - 5 scrolls of teleportation
 n - a scroll of blinking
 r - 4 scrolls of amnesia
 s - a scroll of identify
 v - a scroll of remove curse
 x - a scroll of enchant armour
 J - a scroll of immolation
 O - a scroll of silence {unknown}
Potions
 g - a potion of invisibility
 l - 3 potions of brilliance
 m - a potion of mutation
 o - a potion of berserk rage
 p - 5 potions of haste
 q - 2 potions of might
 u - a potion of resistance
 w - a potion of cancellation
 z - 4 potions of magic
 A - 2 potions of ambrosia
 I - a potion of lignification
Books
 D - a book of Conjurations

   Spells                             Type                      Level
   a - Magic Dart                     Conjuration                  1
   b - Searing Ray                    Conjuration                  2
   c - Dazzling Spray                 Conjuration/Hexes            3
   d - Fulminant Prism                Conjuration/Hexes            4
   e - Force Lance                    Conjuration/Translocation    4
   f - Iskenderun's Mystic Blast      Conjuration                  4
 H - a book of Battle

   Spells                             Type                      Level
   a - Infusion                       Charms                       1
   b - Shroud of Golubria             Charms/Translocation         2
   c - Song of Slaying                Charms                       2
   d - Spectral Weapon                Hexes/Charms                 3
   e - Regeneration                   Charms/Necromancy            3
 M - a book of Enchantments

   Spells                             Type                      Level
   a - Cause Fear                     Hexes                        4
   b - Yara's Violent Unravelling     Hexes/Transmutation          5
   c - Silence                        Hexes/Air                    5
   d - Deflect Missiles               Charms/Air                   6
   e - Discord                        Hexes                        8
Comestibles
 d - 21 rations


   Skills:
 - Level 10.0 Fighting
 + Level 13.4 Long Blades
 - Level 4.0 Throwing
 - Level 11.2 Dodging
 + Level 7.7 Stealth
 + Level 10.9 Shields
 - Level 9.2 Evocations


You had 10 spell levels left.
You knew the following spells:

 Your Spells              Type           Power        Failure   Level  Hunger
a - Regeneration          Chrm/Necr      #.........   83%         3    ####...


Dungeon Overview and Level Annotations

Branches:
Dungeon (15/15)            Temple (1/1) D:7            Lair (0/6) D:11
    Orc (0/2) D:12         Vaults (0/5) D:14
 Depths: D:15

Altars:
Ashenzari
Cheibriados
Dithmenos
Elyvilon
Fedhas
Gozag
Hepliaklqana
Kikubaaqudgha
Makhleb
Nemelex Xobeh
Okawaru
Qazlal
Ru
Sif Muna
Trog
Uskayaw
Vehumet
Wu Jian
Xom
Yredelemnul
Zin
The Shining One

Shops:
D:4 [

Annotations:
D:10 Josephine


Innate Abilities, Weirdness & Mutations

You can breathe bolts of dispelling energy.
Your rich purple scales are hard. (AC +8)
You cannot fit into any form of body armour.
You are cold-blooded and may be slowed by cold attacks.
You possess an exceptional clarity of mind.
You are resistant to electric shocks. (rElec)
Your muscles are strong. (Str +2)


Message History

The brown ugly thing is distracted by the nearby gold.
You feel much better.
You closely miss the white ugly thing.
The brown ugly thing gurgles horribly!
You tail-slap the white ugly thing, but do no damage.
You hear a shout! x2
The white ugly thing trunk-slaps you. The white ugly thing freezes you!
* * * LOW HITPOINT WARNING * * *
You hear a shout!
You hit the white ugly thing.
The white ugly thing is lightly wounded.
You completely miss the white ugly thing.
The white ugly thing is lightly wounded.
You block the white ugly thing's attack.
As you read the scroll of teleportation, it crumbles to dust.
You feel strangely unstable. The white ugly thing trunk-slaps you.
* * * LOW HITPOINT WARNING * * *
The white ugly thing freezes you!!
You feel yourself slow down.
You die...
Your body crumbles into a pile of gold.

## . ## .. .# ... )# .... .#
.#..... .# ..#......##### .. (###
..#. #..@ul## #.. (#.. .....
#####uC# ... ...#.. .#.##....#.#
##.## .u ..##.. .#....
...#######...## .. ...$.. )#..#
#......##....(## u ....
)#(.#.###.....##.#...#.##.#...
.+)...(......##.8.8.8.8.##lu###.#
(#....###....#...........#.......
##.#### #....'.....C.......#


You could see 2 ugly things, a cyclops and a wyvern.

Vanquished Creatures
  A storm dragon (D:12)
  A stone giant (D:14)
  Nessos (D:14)
  A spark wasp (shapeshifter) (D:15)
  Snorg (D:14)
  An ogre mage (D:13)
  A great orb of eyes (D:12)
  5 centaur warriors
  3 hydras
  9 two-headed ogres
  Urug (D:10)
  A tengu warrior (D:14)
  A fire crab (shapeshifter) (D:15)
  A skeletal warrior (D:12)
  The ghost of KristoblXynda the Chopper, a novice DrGl of Ashenzari (D:6)
  2 wizards
  2 orc knights
  A manticore (D:12)
  2 orc sorcerers (D:11)
  An oklob plant (D:11)
  11 ugly things
  5 cyclopes
  A deep elf mage (D:12)
  Maurice (D:10)
  A gargoyle (D:13)
  2 centaur skeletons
  2 kobold demonologists
  The ghost of anet the Ducker, a novice HaWz (D:5)
  4 trolls
  A tengu conjurer (D:14)
  A polar bear (shapeshifter) (D:12)
  A hornet (shapeshifter) (D:15)
  3 meliai (D:15)
  5 hippogriffs
  A slime creature (D:15)
  2 centaur simulacra
  11 yaks (D:14)
  A shadow (D:13)
  2 wraiths
  4 hogs (D:12)
  5 vampire mosquitoes
  16 humans
  A soldier ant (D:12)
  5 water moccasins
  An acid dragon (D:13)
  Duvessa (D:6)
  A black bear (shapeshifter) (D:13)
  A sky beast (D:8)
  15 orc warriors
  An ice beast (D:8)
  9 ogres
  A black bear (D:7)
  2 phantoms
  3 eyes of draining
  2 boggarts (D:15)
  6 centaurs
  A centaur (shapeshifter) (D:15)
  3 crocodiles
  6 big kobolds
  5 gnoll sergeants
  7 bullfrogs
  Dowan (D:6)
  7 scorpions
  12 wights
  4 howler monkeys
  A centaur zombie (D:7)
  4 crimson imps
  2 bullfrog zombies
  5 hounds
  3 jellies
  8 orc priests
  2 bullfrog skeletons
  4 orc wizards
  2 iguanas
  12 worker ants
  5 hound zombies
  A worker ant zombie (D:7)
  14 adders
  7 gnolls
  2 river rats (D:4)
  4 shadow imps
  2 oozes
  3 adder skeletons
  An adder zombie (D:5)
  5 worms
  5 dart slugs
  5 leopard geckos
  70 orcs
  7 ball pythons
  6 bats
  8 giant cockroaches
  14 goblins
  7 hobgoblins
  11 jackals
  24 kobolds
  4 quokkas
  6 frilled lizards
  A leopard gecko zombie (D:4)
  12 rats
480 creatures vanquished.

Vanquished Creatures (collateral kills)
  An iguana (D:8)
1 creature vanquished.

Vanquished Creatures (others)
  A centaur (D:15)
1 creature vanquished.

Grand Total: 482 creatures vanquished

Notes
Turn   | Place    | Note
-------+----------+-------------------------------------------
     0 | D:1      | KristoblXynda the Draconian Gladiator began the quest for the Orb.
     0 | D:1      | Reached XP level 1. HP: 17/17 MP: 1/1
   158 | D:1      | Reached XP level 2. HP: 22/24 MP: 2/2
   718 | D:2      | Reached XP level 3. HP: 26/29 MP: 3/3
   996 | D:2      | Found a glowing golden altar of the Shining One.
   996 | D:2      | Found a snail-covered altar of Cheibriados.
   997 | D:2      | Found a bloodstained altar of Trog.
  1259 | D:2      | Reached XP level 4. HP: 30/36 MP: 4/4
  1306 | D:3      | Found a radiant altar of Vehumet.
  1868 | D:3      | Found a blossoming altar of Fedhas.
  2049 | D:3      | Reached skill level 4 in Long Blades
  2339 | D:3      | Reached XP level 5. HP: 32/41 MP: 5/5
  2772 | D:4      | Reached XP level 6. HP: 25/48 MP: 6/6
  2904 | D:4      | Found a glowing drain.
  2941 | Sewer    | Entered a sewer
  3368 | Sewer    | Reached skill level 5 in Long Blades
  3375 | Sewer    | Your scales start taking on a rich purple colour.
  3375 | Sewer    | Reached XP level 7. HP: 42/55 MP: 7/7
  4208 | D:4      | Found Orialaik's Antique Armour Shoppe.
  4251 | D:4      | Reached skill level 5 in Dodging
  4251 | D:4      | Reached skill level 1 in Evocations
  4265 | D:4      | Found a stormy altar of Qazlal.
  4749 | D:5      | Entered Level 5 of the Dungeon
  4931 | D:5      | Noticed anet's ghost (novice HaWz)
  4935 | D:5      | Found a shimmering altar of Xom.
  5028 | D:5      | Reached skill level 6 in Long Blades
  5028 | D:5      | Reached skill level 1 in Shields
  5381 | D:5      | Reached XP level 8. HP: 57/61 MP: 10/10
  5479 | D:5      | Killed anet's ghost
  5843 | D:6      | Gained mutation: You possess an exceptional clarity of mind. [potion of mutation]
  5843 | D:6      | Gained mutation: Your muscles are strong. (Str +2) [potion of mutation]
  5843 | D:6      | Gained mutation: You are resistant to electric shocks. (rElec) [potion of mutation]
  6004 | D:6      | Noticed Duvessa
  6004 | D:6      | Noticed Dowan
  6024 | D:6      | Killed Duvessa
  6030 | D:6      | Killed Dowan
  6535 | D:6      | Found a basalt altar of Yredelemnul.
  6769 | D:6      | Found a burning altar of Makhleb.
  6871 | D:6      | Noticed KristoblXynda's ghost (novice DrGl)
  6876 | D:6      | Killed KristoblXynda's ghost
  6876 | D:6      | Reached skill level 7 in Long Blades
  6876 | D:6      | Reached skill level 5 in Evocations
  6876 | D:6      | Reached XP level 9. HP: 67/67 MP: 12/12
  6993 | D:7      | Found an opulent altar of Gozag.
  7108 | D:7      | Became a worshipper of Gozag Ym Sagoz the Greedy
  7110 | D:7      | Found a staircase to the Ecumenical Temple.
  7174 | Temple   | Entered the Ecumenical Temple
  7419 | D:7      | Found a shadowy altar of Dithmenos.
  7887 | D:8      | Reached skill level 8 in Long Blades
  8099 | D:8      | Found an iron altar of Okawaru.
  8184 | D:8      | Noticed a two-headed ogre
  8425 | D:8      | Killed a two-headed ogre
  8425 | D:8      | Reached XP level 10. HP: 29/73 MP: 15/15
  8736 | D:8      | Noticed a two-headed ogre
  8758 | D:8      | Killed a two-headed ogre
  8758 | D:8      | Reached skill level 9 in Long Blades
  9113 | D:8      | Found a white marble altar of Elyvilon.
  9162 | D:8      | Found a deep blue altar of Sif Muna.
  9314 | D:9      | Found a hide-covered altar of Uskayaw.
  9348 | D:9      | Noticed a dagger
  9349 | D:9      | Noticed a dagger
  9899 | D:9      | Noticed a two-headed ogre
  9905 | D:9      | Killed a two-headed ogre
 10288 | D:10     | Entered Level 10 of the Dungeon
 10459 | D:10     | Noticed Maurice
 10464 | D:10     | Killed Maurice
 10467 | D:10     | Got a pitted falchion {antimagic}
 10474 | D:10     | Identified the cursed +0 falchion of Fate {antimagic, rC+ Int+5} (You took it off Maurice on level 10 of the Dungeon)
 10589 | D:10     | Noticed Urug
 10608 | D:10     | Killed Urug
 10911 | D:10     | Noticed Josephine
 11090 | D:11     | Noticed an orc sorcerer
 11092 | D:11     | Noticed an orc sorcerer
 11116 | D:11     | Reached XP level 11. HP: 10/79 MP: 17/17
 11124 | D:11     | Noticed a red ugly thing
 11536 | D:11     | Killed a purple ugly thing
 11536 | D:11     | Reached skill level 10 in Long Blades
 11536 | D:11     | Reached skill level 5 in Shields
 11574 | D:11     | Found a flagged portal.
 11581 | Bailey   | Entered a bailey
 12345 | Bailey   | Noticed an orc knight
 12393 | Bailey   | Reached XP level 12. HP: 106/106 MP: 18/18
 12743 | D:11     | Noticed a centaur warrior
 12757 | D:11     | Killed a centaur warrior
 13319 | D:11     | Found a staircase to the Lair.
 13725 | D:11     | Reached skill level 10 in Fighting
 14426 | D:12     | Noticed a centaur warrior
 14437 | D:12     | Reached skill level 10 in Dodging
 14464 | D:12     | Killed a centaur warrior
 14737 | D:12     | Noticed a great orb of eyes
 14758 | D:12     | Killed a great orb of eyes
 14758 | D:12     | Reached skill level 11 in Long Blades
 14764 | D:12     | Noticed a storm dragon
 14768 | D:12     | Noticed a storm dragon
 15536 | D:12     | Reached XP level 13. HP: 97/113 MP: 19/19
 15671 | D:12     | Found a staircase to the Orcish Mines.
 15809 | D:12     | Reached skill level 1 in Stealth
 15991 | D:12     | Killed a storm dragon
 16546 | D:13     | Got a wavering iron ring
 16549 | D:13     | Identified the ring of Enuraoprucs {*Corrode MR+ Str+3 Dex+6 SInv} (You found it on level 13 of the Dungeon)
 17324 | D:13     | Found the +3 crown of Dyrovepreva {rElec Int+2 SInv}
 17391 | D:13     | Got a brightly glowing rapier {elec}
 17399 | D:13     | Identified the cursed +0 rapier of the Vanishing Dreams {elec, MR+} (You took it off an ogre mage on level 13 of the Dungeon)
 17482 | D:13     | Reached skill level 12 in Long Blades
 18327 | D:14     | Found a gate to the Vaults.
 18327 | D:14     | Noticed a stone giant
 18327 | D:14     | Noticed Nessos
 19049 | D:14     | Noticed Snorg
 19050 | D:14     | Learned a level 3 spell: Regeneration
 19067 | D:14     | Killed Snorg
 19118 | D:14     | Reached skill level 5 in Stealth
 19224 | D:14     | Killed Nessos
 19227 | D:14     | Killed a stone giant
 19471 | D:14     | Reached skill level 10 in Shields
 19476 | D:14     | Reached XP level 14. HP: 101/121 MP: 20/20
 20100 | D:14     | Reached skill level 13 in Long Blades
 20228 | D:15     | Entered Level 15 of the Dungeon
 20747 | D:15     | Found a shattered altar of Ashenzari.
 21186 | D:15     | Noticed a ghost moth
 21186 | D:15     | an ettin changed into a ghost moth
 21188 | D:15     | a ghost moth changed into a spark wasp
 21733 | D:15     | Mangled by a white ugly thing

Vault maps used:
D:1:      erik_arrival_triangle_small
D:2:      gammafunk_temple_overflow_claw, first_ration
D:3:      nicolae_overflow_crystal_walls, lemuel_crystal_altar
D:4:      portal_sewer_entry_e, serial_shops, nicolae_shop_overgrown_old_shop,
          grunt_qazlal_sundering
D:5:      overflow_temple_1_default
D:6:      marbit_many_paths, lemuel_tele_altar, uniq_duvessa
D:7:      overflow_temple_1_default, grunt_dithmenos_smoke_and_mirrors,
          minmay_temple_entry_glassed_door
D:8:      kennysheep_mini_moat, lemuel_round_altar, old_standard_altar,
          minmay_misc_feat_rows
D:9:      dancing_weapons_uskayaw
D:10:     uniq_josephine, uniq_maurice, uniq_urug
D:11:     cheibrodos_wizards_tower, dpeg_oklobed_lair, enter_bailey_3
D:12:     hangedman_cross_veins, kennysheep_orc_monster_closet_entryway,
          grunt_livestock, minivault_25
D:13:     minmay_the_grid_four_pointed_star
D:14:     david_vaults_3, minmay_misc_feat_columns, uniq_snorg
D:15:     gammafunk_enter_depths_forms, serial_corexii_hall,
          corexii_hall_statues_l, corexii_hall_statues_l, dk_noncrumbling_3,
          ashenzari_altar_1
Temple:   jpeg_temple_island
Sewer:    sewer_co_15_rooms
Bailey:   bailey_polearm_5, bailey

Skill      XL: |  1  2  3  4  5  6  7  8  9 10 11 12 13 14 |
---------------+-------------------------------------------+-----
Throwing       | 2 3 4 |  4.0
Dodging        | 3 4 5 6 8 9 10 11 | 11.2
Long Blades    | 4 5 6 7 8 9 10 11 12 13 | 13.4
Evocations     | 3 5 7 9 |  9.2
Shields        | 1 4 5 7 10 | 10.9
Fighting       | 9 10 | 10.0
Stealth        | 6 7 |  7.7

Action                   |  1- 3 |  4- 6 |  7- 9 | 10-12 | 13-15 || total
-------------------------+-------+-------+-------+-------+-------++-------
Melee: Long sword        |    95 |   178 |   344 |    42 |       ||   659
       Tailslap          |    12 |    21 |    56 |    89 |   155 ||   333
       Scimitar          |       |       |       |   451 |   614 ||  1065
       Great sword       |       |       |       |       |     7 ||     7
Throw: Throwing net      |       |       |       |     4 |       ||     4
 Abil: Breathe Dispellin |       |       |    10 |    10 |     5 ||    25
Evoke: Wand              |       |       |    14 |    13 |    21 ||    48
  Use: Scroll            |     3 |     6 |     8 |    16 |    15 ||    48
       Potion            |       |     2 |     8 |    11 |     9 ||    30
 Stab: Sleeping          |     1 |       |     3 |       |     1 ||     5
       Distracted        |       |       |       |     5 |     7 ||    12
       Invisible         |       |       |       |     3 |       ||     3
       Held in net/web   |       |       |       |     1 |       ||     1
       Paralysed         |       |       |       |     6 |    12 ||    18
  Eat: Chunk             |     1 |     1 |     1 |       |       ||     3
       Ration            |       |     2 |     5 |     8 |     6 ||    21
Armor: Skin              |    33 |    64 |    90 |    89 |    86 ||   362
Dodge: Dodged            |    87 |   157 |   210 |   311 |   286 ||  1051
Block: Buckler           |       |       |   103 |    25 |       ||   128
       Shield            |       |       |       |   281 |   342 ||   623
       Rpst.: Long sword |    23 |    56 |    50 |     5 |       ||   134
       Scimitar          |       |       |       |    55 |    64 ||   119
       Great sword       |       |       |       |       |     1 ||     1

Table legend:
 A = Spawn XP
 B = Non-spawn XP
 C = Spawn XP percentage of total XP
 D = Spawn monster count
 E = Non-spawn monster count
 F = Spawn count percentage of total count
 G = Total turns spent on level
                    A         B        C        D         E        F      G
               +---------+---------+-------+---------+---------+-------+---------
         Total |       0 |   70957 |   0.0 |       0 |     482 |   0.0 | 21733
               +---------+---------+-------+---------+---------+-------+---------
           D:1 |       0 |      40 |   0.0 |       0 |      24 |   0.0 |   715
           D:2 |       0 |      62 |   0.0 |       0 |      26 |   0.0 |   570
           D:3 |       0 |     113 |   0.0 |       0 |      19 |   0.0 |  1389
           D:4 |       0 |     595 |   0.0 |       0 |      30 |   0.0 |  1077
           D:5 |       0 |     759 |   0.0 |       0 |      19 |   0.0 |  1089
           D:6 |       0 |    1444 |   0.0 |       0 |      17 |   0.0 |  1082
           D:7 |       0 |     915 |   0.0 |       0 |      20 |   0.0 |   771
           D:8 |       0 |    3024 |   0.0 |       0 |      24 |   0.0 |  1308
           D:9 |       0 |    1367 |   0.0 |       0 |       7 |   0.0 |  1090
          D:10 |       0 |    2332 |   0.0 |       0 |      21 |   0.0 |  1169
          D:11 |       0 |    4303 |   0.0 |       0 |      24 |   0.0 |  1706
          D:12 |       0 |   14197 |   0.0 |       0 |      73 |   0.0 |  2317
          D:13 |       0 |    7722 |   0.0 |       0 |      33 |   0.0 |  1910
          D:14 |       0 |   20076 |   0.0 |       0 |      69 |   0.0 |  1886
          D:15 |       0 |   12277 |   0.0 |       0 |      28 |   0.0 |  1495
         Sewer |       0 |     259 |   0.0 |       0 |      17 |   0.0 |   998
        Bailey |       0 |    1472 |   0.0 |       0 |      31 |   0.0 |   962
               +---------+---------+-------+---------+---------+-------+---------
